 Dungeon Crawl Stone Soup version 0.31-a0-1074-g0b22e4e0f1 (webtiles) character file.

Game seed: 13000700962746437418

145081 ytrimaz the Unseen (level 17, -23/47 HPs)
             Began as an Octopode Shapeshifter on Dec 1, 2023.
             Was an Initiate of Gozag.
             Annihilated by an orc warlord
             ... wielding a +0 great sword
              (26 damage)
             ... on level 10 of the Dungeon.
             The game lasted 00:37:36 (25834 turns).

ytrimaz the Unseen (Octopode Shapeshifter)         Turns: 25834, Time: 00:37:36

Health: -23/47     AC: 11    Str: 14    XL:     17   Next: 41%
Magic:  17/17      EV: 32    Int: 14    God:    Gozag
Gold:   2484       SH:  0    Dex: 23    Spells: 16/16 levels left

rFire   . .          .
                       - Unarmed
rCold   . . .        (shield currently unavailable)
rNeg    + . .        (helmet currently unavailable)
rPois   ∞            w - amulet of the acrobat
rElec   +            j - +4 ring of protection
rCorr   .            a - +4 ring of slaying
SInv    .            o - +6 ring of dexterity
Will    +....        O - ring of positive energy
Stlth   ++++++++     (no ring)
HPRegen 0.27/turn    (no ring)
MPRegen 0.15/turn    (no ring)
                     (no ring)

%: acrobat
@: storm-form, gold aura, flying
A: cleaving, insubstantial, flying, reduced hp, almost no armour, amphibious, 8
rings, (camouflage 1), (gelatinous body 1), (nimble swimmer 1), (tentacles)
a: Blinkbolt, Begin Untransformation, Renounce Religion, Potion Petition, Call
Merchant, Bribe Branch


You were on level 10 of the Dungeon.
You worshipped Gozag.
Gozag was most pleased with you.
You were a lightning-filled tempest!
You visited 4 branches of the dungeon, and saw 21 of its levels.
You also visited: Ossuary, Ice Cave and Volcano.

You collected 6240 gold pieces.
You spent 236 gold pieces at shops.
You paid 3520 gold pieces to Gozag.


Innate Abilities, Weirdness & Mutations

You are a lightning-filled tempest!
Your electrical attacks strike out in all directions at once.
You are incredibly evasive.
Your insubstantial body is immune to petrification, constriction, and being set on fire You are flying.
Your maximum health is decreased, since you lack skill for your form.
Your armour is entirely melded.
You are incapable of wielding weapons or throwing items.
You cannot wear most types of armour.
You are amphibious.
You can wear up to eight rings at the same time.
You are immune to poison.
((Your skin changes colour to match your surroundings (Stealth+).))
((Your rubbery body absorbs attacks. (AC +1, EV +1)))
((You are camouflaged when in or above water. (Stealth+)))
((You have tentacles for arms and can constrict up to eight enemies at once.))


   Skills:
 - Level 10.0 Fighting
 + Level 13.7 Dodging
 - Level 19.5 Stealth
 - Level 9.0 Unarmed Combat
 * Level 17.1 Shapeshifting


You had 16 spell levels left.
You didn't know any spells.
Your spell library contained the following spells:

 Spells                   Type           Power      Damage    Failure   Level
 Foxfire                  Conj/Fire      0%         2x1d4     28%         1
 Magic Dart               Conj           0%         1d3       28%         1
 Cigotuvi's Dreadful Rot  Necr/Pois/Air  0%         N/A       41%         2
 Ensorcelled Hibernation  Hex/Ice        0%         N/A       41%         2
 Passwall                 Tmut/Erth      0%         N/A       41%         2
 Searing Ray              Conj           0%         2d4       41%         2
 Ignite Poison            Fire/Tmut/Pois 0%         N/A       65%         3
 Swiftness                Air            0%         N/A       65%         3
 Fulminant Prism          Conj/Hex       0%         3d5       96%         4
 Vhi's Electric Charge    Tloc/Air       0%         N/A       96%         4
 Arcjolt                  Conj/Air       0%         1d10      100%        5
 Freezing Cloud           Conj/Ice/Air   0%         6-21      100%        5
 Metabolic Englaciation   Hex/Ice        0%         N/A       100%        5
 Orb of Destruction       Conj           0%         9d5       100%        7
 Ozocubu's Refrigeration  Ice            0%         4d7       100%        7
 Maxwell's Capacitive Co  Air            0%         ∞         100%        8
 Chain Lightning          Conj/Air       0%         N/A       100%        9
 Fire Storm               Conj/Fire      0%         5d1       100%        9
 Shatter                  Erth           0%         3d5*      100%        9

Inventory:

Jewellery
 a - a +4 ring of slaying (right tentacle)
   (You took it off a kobold on level 3 of the Dungeon)
 j - a +4 ring of protection (left tentacle)
   (You found it on level 3 of the Dungeon)
 k - a ring of ice
   (You found it on level 4 of the Dungeon)
 n - a ring of ice
   (You found it on level 4 of the Dungeon)
 o - a +6 ring of dexterity (on tentacle)
   (You found it on level 6 of the Dungeon)
 p - the macabre finger necklace {Finger+ rN+}
   (You found it on level 5 of the Lair of Beasts)

   [amulet of nothing]

   Finger+:   It enables you to equip an extra ring.
   rN+:       It protects you from negative energy.
 w - an amulet of the acrobat (around neck)
   (You found it on level 6 of the Dungeon)
 C - an amulet of magic regeneration
   (You found it on level 9 of the Dungeon)
 D - a ring of wizardry
   (You found it on level 11 of the Dungeon)
 O - a ring of positive energy (on tentacle)
   (You found it on level 1 of the Lair of Beasts)
Talismans
 b - a beast talisman
 c - a flux talisman
 h - a storm talisman (active)
   (You found it on level 5 of the Lair of Beasts)
 K - a serpent talisman
   (You found it on level 8 of the Dungeon)
Wands
 e - a wand of polymorph (7)
   (You found it on level 1 of the Lair of Beasts)
 y - a wand of mindburst (28)
   (You found it on level 6 of the Dungeon)
 M - a wand of iceblast (8)
   (You found it on level 12 of the Dungeon)
 P - a wand of digging (24)
   (You found it on level 1 of the Lair of Beasts)
 S - a wand of charming (5) (quivered)
   (You found it on level 3 of the Lair of Beasts)
 V - a wand of flame (16)
   (You found it on level 4 of the Lair of Beasts)
 W - a wand of light (1)
   (You found it on level 4 of the Lair of Beasts)
Scrolls
 f - 3 scrolls of revelation
 i - 3 scrolls of amnesia
 t - 7 scrolls of vulnerability
 u - 9 scrolls of immolation
 v - 2 scrolls of brand weapon
 x - 3 scrolls of fog
 B - 3 scrolls of enchant armour
 F - a scroll of silence
 G - 4 scrolls of identify
 H - 8 scrolls of teleportation
 I - a scroll of enchant weapon
 J - a scroll of torment
 L - a scroll of poison
Potions
 d - 6 potions of curing
 g - 4 potions of mutation
 l - 4 potions of magic
 m - a potion of attraction
 q - 3 potions of enlightenment
 r - a potion of heal wounds
 s - a potion of ambrosia
 A - 3 potions of haste
 E - 3 potions of brilliance
 N - a potion of resistance
 Q - a potion of cancellation
 T - 2 potions of lignification

Dungeon Overview and Level Annotations

Branches:
Dungeon (14/15) Zot: 25704  Temple (1/1) D:7 Zot: 5998    Lair (5/5) D:8 Zot: 20870
  Swamp (0/4) Lair:2        Snake (0/4) Lair:3        Slime (0/5) Lair:5
    Orc (1/2) D:10 Zot: 5992 Ossuary (visited)           IceCv (visited)
Volcano (visited)
 Vaults: D:13-14

Altars:
Ashenzari
Cheibriados
Dithmenos
Elyvilon
Fedhas
Gozag
Hepliaklqana
Kikubaaqudgha
Makhleb
Nemelex Xobeh
Okawaru
Qazlal
Ru
Sif Muna
Trog
Uskayaw
Vehumet
Wu Jian
Xom
Yredelemnul
Zin
The Shining One
Jiyva

Shops:
D:5 *   D:10 *   D:11 ?   Lair:2 =

Portals:
Trove: D:11 (give +7 demon whip)

Annotations:
D:7 1 runed translucent door, Crazy Yiuf
D:11 4 runed translucent doors
D:13 exclusion: phantasmal warrior, Azrael
Lair:3 1 runed translucent door, exclusion: door

.......# #..# #..####..##.#
..##...# #.####...####.##.#
..##...# #.#....8....#....#
..##...###.#.........#....#
∩.##.......#.........######
..##.......#.........##
..##...##.#...........#
..##...##.#....[$$....##
.......##...8...v$..8..##
.......####....$$o......#
..###..# #...........#.###
..# #..# ##.........#....#
..# #..# #.........#....#
..# #..# #.........######
..###..#####....8....#
...........####...#####
...(.........###.)....#


You could see an orc warlord (strong).


Message History

😕 HP[+1] No target in view!
Unknown command.
No target in view!
There is a staircase to the Orcish Mines, spattered with blood here.
Key pressed, stopping explore.
Unknown command. 😎 HP[+10]
Your hp is fully restored (47).
You now have 2447 gold pieces (gained 17).
You now have 2460 gold pieces (gained 13).
You now have 2467 gold pieces (gained 7).
Items here: )) [[.
You now have 2472 gold pieces (gained 5).
Things that are here:
a +0 mace; a +0 chain mail You now have 2475 gold pieces (gained 3).
You see here a +0 club.
You now have 2484 gold pieces (gained 9).
You see here a +0 dagger.
Done exploring.
Done exploring.
You see here a +0 club.
There is a staircase to the Orcish Mines, spattered with blood here.
You fly downwards.
Welcome back to the Orcish Mines!
The orc completely misses you. x2; The orc warrior closely misses you.
The ogre hits you with a +0 giant club!!
The orc barely misses you.
The orc warlord roars a battlecry!
The orcs go into a battle-frenzy!
The troll completely misses you. x3; The orc warrior completely misses you.
The orc warrior unwields a +0 scimitar.
The orc warrior wields a +0 orcbow.
The orc warrior shoots an arrow.
The arrow completely misses you.
The arrow hits the orc warrior!
The orc knight shouts!
The orc warrior shouts!
You hear a shout!
The orc wizard shouts!
The ogre shouts!
There is a staircase back to the Dungeon here. 😮 HP[-18]
You take 18 damage, and now have 29/47 hp.
MASSIVE DAMAGE!! (PAUSE)
The orc knight roars a battlecry!
The orcs go into a battle-frenzy!
The troll closely misses you. The troll completely misses you.
The troll closely misses you. The ogre completely misses you.
The orc closely misses you. The orc warrior completely misses you.
The orc warlord completely misses you.
You fly upwards.
Welcome back to the Dungeon!
There is a staircase to the Orcish Mines, spattered with blood here.
Unknown command. 😮 HP[+1] Unknown command.
Unknown command.
You batter the orc!!
You kill the orc!
You buffet the ogre!
You buffet the orc!
You kill the orc!
You batter the troll!! You barely miss the orc warrior.
You hit the orc warlord.
Unknown command.
You hit the orc warlord but do no damage.
You punch the orc warlord. You batter the ogre!!
You kill the ogre!
You buffet the troll!
You closely miss the orc warrior. The troll misses you. x2
The troll completely misses you. The orc warlord closely misses you.
The orc warrior completely misses you.
Unknown command.
You batter the orc warlord!! You hit the troll.
You kill the troll!
You hit the orc warrior but do no damage.
Lightning courses through the orc warrior!
You kill the orc warrior!
The orc warlord is distracted by your dazzling golden aura. 😮 HP[+1] Unknown command.
The orc warlord shouts!
You batter the orc warlord!!
The orc warlord is no longer distracted by gold.
The orc warlord hits you with a +0 great sword!!
Ouch! That really hurt!
* * * LOW HITPOINT WARNING * * *
😱 HP[-26]
You take 26 damage, and now have 5/47 hp.
MASSIVE DAMAGE!! (PAUSE)
You buffet the orc warlord!
The orc warlord is distracted by your dazzling golden aura.
Unknown command.
You feel much better.
The orc warlord is no longer distracted by gold.
The orc warlord hits you with a +0 great sword!!
Ouch! That really hurt!
* * * LOW HITPOINT WARNING * * *
😱 HP[-3]
You take 3 damage, and now have 2/47 hp.
As you read the scroll of fear, it crumbles to dust.
You assume a fearsome visage.
The orc warlord resists with almost no effort.
The orc warlord hits you with a +0 great sword!!
Ouch! That really hurt!
You die...
Your body crumbles into a pile of gold.

Skill      XL: |  1  2  3  4  5  6  7  8  9 10 11 12 13 14 15 16 |
---------------+-------------------------------------------------+-----
Stealth        | 1 2 3 4 6 7 9 15 19 | 19.5
Unarmed Combat | 4 5 7 9 |  9.0
Shapeshifting  | 4 5 7 8 10 11 12 13 14 16 17 | 17.1
Fighting       | 4 7 9 10 | 10.0
Dodging        | 4 7 9 11 13 | 13.7

Action                     |  1- 3 |  4- 6 |  7- 9 | 10-12 | 13-15 | 16-18 || total
---------------------------+-------+-------+-------+-------+-------+-------++-------
  Melee: Unarmed           |    66 |    60 |   191 |   439 |   877 |     9 ||  1642
         Constrict         |    15 |    17 |    53 |    80 |   189 |       ||   354
         Tentacles         |     8 |    13 |    47 |    65 |       |       ||   133
         Punch             |     2 |     1 |    11 |    18 |       |     1 ||    33
 Invoke: Call Merchant     |       |       |     1 |     2 |     1 |       ||     4
  Evoke: Wand              |       |       |     6 |       |     4 |       ||    10
    Use: Scroll            |     4 |       |    13 |     7 |     8 |     1 ||    33
         Potion            |       |     2 |    10 |     4 |     5 |     2 ||    23
   Stab: Sleeping          |    14 |    12 |    20 |    14 |    21 |       ||    81
         Distracted        |     1 |       |     1 |     5 |    12 |       ||    19
         Invisible         |       |     2 |     3 |       |    11 |       ||    16
         Confused          |       |       |       |       |     1 |       ||     1
 Armour: Skin              |    24 |    21 |    88 |   218 |   573 |     7 ||   931
  Dodge: Dodged            |    38 |    31 |   108 |   256 |   802 |    46 ||  1281
   Form: Anaconda          |       |       |       |     1 |     1 |       ||     2
         Storm             |       |       |       |       |     1 |     1 ||     2

Levels and vault maps discovered:
D:1:      dpeg_arrival_water_altar, layout_basic
D:2:      layout_loops_cross
D:3:      minmay_spotlight, layout_basic, jmf_multi_god_temple2,
          beargit_hepliaklqana_dungeon_heroes, minmay_snake_closets
D:4:      layout_loops_ring, elyvilon_altar_4, enter_ossuary_1,
          kennysheep_small_square, uniq_natasha, uniq_pikel, uniq_edmund
D:5:      layout_basic, chequers_temple_overflow_minitemple, uniq_menkaure
D:6:      layout_rooms
D:7:      layout_cave_pods, minmay_temple_entry_hall, minmay_holes,
          uniq_jeremiah, uniq_crazy_yiuf_cottage
D:8:      layout_basic, dpeg_oklobed_lair, uniq_prince_ribbit1, uniq_psyche
D:9:      layout_loops_ring
D:10:     layout_long_grid, zombieorc2_lemuel
D:11:     layout_rooms, nicolae_trove_entry_isolated,
          minmay_hollow_rounded_squares
D:12:     layout_roguey, bloody_trog, uniq_urug, uniq_jorgrun
D:13:     layout_roguey, david_vaults_4, portal_ice_cave_entry_pillars_1,
          uniq_azrael
D:14:     kennysheep_kobold_grotto, layout_cave_pools,
          serial_library_hellmonk_long_bookcase
Temple:   nicolae_temple_ecumenical_triangle
Lair:1:   cheibrodos_lair_river_kwai, layout_chaotic_city, serial_forest,
          infiniplex_forest_clump_tiny, infiniplex_forest_lined_3,
          infiniplex_forest_clump_long, infiniplex_forest_clump_small,
          infiniplex_forest_clump_medium, infiniplex_forest_diagonal,
          infiniplex_forest_end_3, infiniplex_forest_end_2,
          infiniplex_forest_clump_large, pond, uniq_erica
Lair:2:   layout_regular_city, minmay_swamp_entry_worms, basic_altar,
          enter_volcano_4, st_stairs_9, infiniplex_staircase_pool_2
Lair:3:   layout_cave_pods, minmay_snake_entry_six_corridors, pf_torpor_hydra
Lair:4:   layout_cave_pods, lemuel_fruit_fields, infiniplex_staircase_pool,
          grunt_megastairs_5
Lair:5:   grunt_lair_end_beastmaster, layout_concentric_octagons,
          dpeg_slime_entry_corner, patterned_corridor, grunt_megastairs_4
Orc:1:    layout_caves, nicolae_shop_gadgets, uniq_sonja

Notes
Turn   | Place    | Note
-------+----------+-------------------------------------------
     0 | D:1      | ytrimaz the Octopode Shapeshifter began the quest for the
                  | Orb.
     0 | D:1      | Reached XP level 1. HP: 13/13 MP: 1/1
     0 | D:1      | magus.rc [v1.9.6]
   217 | D:1      | Reached skill level 1 in Stealth
   219 | D:1      | Reached XP level 2. HP: 11/18 MP: 2/2
   436 | D:1      | Found an opulent altar of Gozag.
   607 | D:1      | Became a worshipper of Gozag Ym Sagoz the Greedy
   863 | D:2      | Reached skill level 2 in Stealth
   965 | D:2      | Reached XP level 3. HP: 23/23 MP: 3/3
  1006 | D:2      | You pick up a book of Burglary and begin reading...
  1006 | D:2      | You add the spells Passwall, Ensorcelled Hibernation and
                  | Swiftness to your library.
  1500 | D:3      | Reached XP level 4. HP: 21/28 MP: 4/4
  1504 | D:3      | Reached skill level 3 in Stealth
  1602 | D:3      | Found a faded altar of an unknown god.
  1603 | D:3      | Found a hazy altar of Hepliaklqana.
  1928 | D:3      | Reached skill level 4 in Unarmed Combat
  2225 | D:3      | Reached XP level 5. HP: 33/33 MP: 5/5
  2346 | D:3      | Reached skill level 4 in Stealth
  2360 | D:3      | Reached skill level 4 in Shapeshifting
  2483 | D:3      | Found a large runed translucent door.
  2483 | D:3      | Found a large runed translucent door.
  2897 | D:3      | Found a glowing golden altar of the Shining One.
  2909 | D:3      | Found a hide-covered altar of Uskayaw.
  2914 | D:3      | Reached XP level 6. HP: 38/38 MP: 6/6
  2941 | D:4      | Noticed Pikel
  2943 | D:4      | Noticed Natasha
  2943 | D:4      | Noticed Edmund
  2955 | D:4      | Killed Natasha
  2966 | D:4      | Killed Pikel
  2967 | D:4      | Reached skill level 6 in Stealth
  2967 | D:4      | Reached skill level 5 in Unarmed Combat
  2967 | D:4      | Reached skill level 5 in Shapeshifting
  2967 | D:4      | Reached XP level 7. HP: 20/43 MP: 7/7
  2971 | D:4      | Killed Edmund
  2972 | D:4      | Reached skill level 7 in Stealth
  3127 | D:4      | Found a white marble altar of Elyvilon.
  3262 | D:4      | Found a sand-covered staircase.
  3269 | Ossuary  | Entered an ossuary
  3330 | Ossuary  | Reached XP level 8. HP: 48/48 MP: 8/8
  3367 | Ossuary  | Reached skill level 6 in Unarmed Combat
  3532 | D:4      | Noticed Natasha
  3539 | D:4      | Killed Natasha
  3540 | D:4      | Reached skill level 6 in Shapeshifting
  3719 | D:4      | Noticed Natasha
  3724 | D:4      | Killed Natasha
  3882 | D:4      | You add the spells Cigotuvi's Dreadful Rot, Ignite Poison
                  | and Freezing Cloud to your library.
  4032 | D:5      | Entered Level 5 of the Dungeon
  4200 | D:5      | Noticed Menkaure
  4340 | D:5      | Killed Menkaure
  4341 | D:5      | Reached skill level 7 in Unarmed Combat
  4451 | D:5      | Found a snail-covered altar of Cheibriados.
  4451 | D:5      | Found a radiant altar of Vehumet.
  4458 | D:5      | Found an iron altar of Okawaru.
  4460 | D:5      | Found a sparkling altar of Nemelex Xobeh.
  4462 | D:5      | Found a blossoming altar of Fedhas.
  4768 | D:5      | Reached skill level 7 in Shapeshifting
  4774 | D:5      | Reached XP level 9. HP: 23/50 MP: 9/9
  5082 | D:5      | Reached skill level 8 in Unarmed Combat
  5305 | D:5      | Bought a potion of might for 44 gold pieces
  5305 | D:5      | Bought a potion of mutation for 88 gold pieces
  5305 | D:5      | Bought a scroll of identify for 22 gold pieces
  5305 | D:5      | Bought a scroll of identify for 22 gold pieces
  5751 | D:6      | Reached skill level 2 in Fighting
  5911 | D:6      | Reached skill level 8 in Shapeshifting
  6422 | D:7      | Found a staircase to the Ecumenical Temple.
  6428 | Temple   | Entered the Ecumenical Temple
  6446 | D:7      | Noticed a troll
  6453 | D:7      | Killed a troll
  6454 | D:7      | Reached skill level 3 in Fighting
  6529 | D:7      | Noticed a hornet
  6530 | D:7      | Noticed Jeremiah
  6535 | D:7      | Paralysed by a hornet for 1 turns
  6540 | D:7      | Killed a hornet
  6541 | D:7      | Reached skill level 9 in Unarmed Combat
  6589 | D:7      | HP: 5/56 [Jeremiah/+3 trident of draining (13)]
  6596 | D:7      | Killed Jeremiah
  6597 | D:7      | Reached skill level 4 in Fighting
  6597 | D:7      | Reached XP level 10. HP: 38/65 MP: 10/10
  7160 | D:7      | Reached skill level 9 in Shapeshifting
  7166 | D:7      | You add the spells Vhi's Electric Charge, Arcjolt and
                  | Maxwell's Capacitive Coupling to your library.
  7543 | D:7      | Found a runed translucent door.
  7544 | D:7      | Noticed Crazy Yiuf
  7623 | D:8      | Found a staircase to the Lair.
  7631 | D:8      | Noticed Psyche
  7636 | D:8      | Killed Psyche
  7637 | D:8      | Reached skill level 5 in Fighting
  7714 | D:8      | Noticed Prince Ribbit
  7817 | D:8      | Killed Prince Ribbit
  8022 | D:8      | Paralysed by a hornet for 1 turns
  8547 | D:8      | Reached skill level 6 in Fighting
  8564 | D:8      | You fall into a shaft and drop 3 floors!
  8604 | D:11     | Reached skill level 3 in Dodging
  8771 | D:11     | Found a large runed translucent door.
  8771 | D:11     | Found a large runed translucent door.
  8775 | D:11     | Noticed a skeletal warrior
  8775 | D:11     | Noticed a centaur warrior
  8791 | D:11     | Found a large runed translucent door.
  8791 | D:11     | Found a large runed translucent door.
  8797 | D:11     | Noticed a cyclops
  8813 | D:11     | Killed a cyclops
  8881 | D:11     | Noticed a two-headed ogre
  8951 | D:11     | Noticed a kobold demonologist
  9000 | D:11     | Found a portal to a secret trove of treasure.
  9026 | D:10     | Entered Level 10 of the Dungeon
  9288 | D:10     | Found a staircase to the Orcish Mines.
  9321 | D:10     | Reached skill level 4 in Dodging
  9339 | D:10     | Reached skill level 10 in Shapeshifting
  9559 | D:10     | Reached skill level 7 in Fighting
  9627 | D:10     | Reached XP level 11. HP: 75/75 MP: 11/11
 10181 | D:9      | Noticed a manticore
 10182 | D:9      | Reached skill level 5 in Dodging
 10295 | D:9      | HP: 16/75 [manticore (4)]
 10297 | D:9      | Killed a manticore
 10578 | D:9      | Reached skill level 8 in Fighting
 10588 | D:9      | HP: 18/77 [killer bee (5)]
 10593 | D:9      | HP: 14/77 [poisoned by a killer bee]
 11072 | D:9      | Noticed a two-headed ogre
 11460 | Lair:1   | Entered Level 1 of the Lair of Beasts
 11627 | D:9      | Killed a two-headed ogre
 11628 | D:9      | Reached skill level 6 in Dodging
 11870 | D:11     | Killed a two-headed ogre
 12003 | D:11     | Reached skill level 11 in Shapeshifting
 12027 | D:11     | Bought a scroll of teleportation for 36 gold pieces
 12027 | D:11     | Bought a scroll of identify for 24 gold pieces
 12047 | D:12     | Noticed a green ugly thing
 12054 | D:12     | Killed a green ugly thing
 12161 | D:11     | Noticed an ogre mage
 12162 | D:11     | Found the +9 sword of Zonguldrok {reap}
 12166 | D:11     | Killed an ogre mage
 12167 | D:11     | Reached skill level 7 in Dodging
 12212 | D:11     | Reached skill level 9 in Fighting
 12218 | D:11     | Noticed an orc knight
 12229 | D:11     | Killed an orc knight
 12230 | D:11     | Reached XP level 12. HP: 82/85 MP: 12/12
 12372 | D:12     | Noticed Jorgrun
 12383 | D:12     | Noticed a two-headed ogre
 12389 | D:12     | Killed a two-headed ogre
 12404 | D:12     | Noticed Urug
 12408 | D:12     | Killed Urug
 12748 | D:12     | Killed Jorgrun
 12749 | D:12     | Reached skill level 8 in Dodging
 12952 | D:12     | You add the spells Foxfire, Metabolic Englaciation, Orb of
                  | Destruction and Ozocubu's Refrigeration to your library.
 12952 | D:12     | Got Zunuew's Almanac of Philately
 12959 | D:12     | Found a bloodstained altar of Trog.
 13062 | D:12     | Noticed a two-headed ogre
 13066 | D:12     | Killed a two-headed ogre
 13067 | D:12     | Reached skill level 10 in Fighting
 13136 | D:12     | Noticed a tengu warrior
 13137 | D:12     | Noticed a tengu warrior
 13149 | D:12     | Killed a tengu warrior
 13150 | D:12     | Reached skill level 12 in Shapeshifting
 13158 | D:12     | Killed a tengu warrior
 13662 | D:13     | Reached skill level 9 in Dodging
 13677 | D:13     | Noticed a catoblepas
 13702 | D:13     | Noticed Azrael
 13984 | D:13     | Killed a catoblepas
 14202 | D:13     | Found a frozen archway.
 14211 | IceCv    | Entered an ice cave
 14317 | D:13     | Reached skill level 8 in Stealth
 14516 | D:13     | Reached skill level 9 in Stealth
 14516 | D:13     | Reached XP level 13. HP: 92/92 MP: 13/13
 14907 | D:14     | Reached skill level 10 in Stealth
 15075 | D:13     | Reached skill level 10 in Dodging
 15081 | D:13     | HP: 20/110 [acid (8)]
 15899 | Orc:1    | Entered Level 1 of the Orcish Mines
 15899 | Orc:1    | Noticed an orc warlord
 16018 | Lair:1   | Reached skill level 11 in Stealth
 16171 | Lair:1   | Reached skill level 13 in Shapeshifting
 16436 | Lair:1   | Reached skill level 12 in Stealth
 16940 | Lair:1   | Reached skill level 13 in Stealth
 16951 | Lair:1   | Identified the +2 orcbow "Hulk" {heavy, Str+3 SInv}
 17100 | Lair:1   | Noticed Erica
 17107 | Lair:1   | Killed Erica
 17112 | Lair:1   | Reached skill level 11 in Dodging
 17510 | Lair:2   | Reached skill level 14 in Stealth
 17999 | Lair:2   | Found a dark tunnel.
 18004 | Volcano  | Entered a volcano
 18062 | Volcano  | HP: 23/110 [salamander/+0 trident (10)]
 18370 | Volcano  | Identified the +1 pair of gloves "Rumoluack" {rElec Str+6}
 18844 | Lair:2   | HP: 26/110 [komodo dragon (12)]
 18854 | Lair:2   | Reached skill level 15 in Stealth
 18854 | Lair:2   | Reached XP level 14. HP: 35/99 MP: 14/14
 18856 | Lair:2   | HP: 29/118 [poisoned by a water moccasin]
 18861 | Lair:2   | HP: 24/118 [poisoned by a water moccasin]
 19433 | Lair:2   | Found a shadowy altar of Dithmenos.
 19618 | Lair:2   | Found a staircase to the Swamp.
 19763 | Lair:3   | Reached skill level 16 in Stealth
 19768 | Lair:3   | Reached skill level 14 in Shapeshifting
 19847 | Lair:3   | Found a staircase to the Snake Pit.
 19883 | Lair:3   | You pick up a book of Annihilations and begin reading...
 19883 | Lair:3   | You add the spells Chain Lightning, Fire Storm and Shatter
                  | to your library.
 20013 | Lair:3   | Reached skill level 12 in Dodging
 20170 | Lair:3   | You fall into a shaft and drop 2 floors!
 20170 | Lair:5   | Entered Level 5 of the Lair of Beasts
 20453 | Lair:5   | Reached skill level 17 in Stealth
 20947 | Lair:5   | Found the macabre finger necklace {Finger+ rN+}
 21028 | Lair:5   | Reached skill level 18 in Stealth
 21072 | Lair:5   | HP: 29/118 [elephant (8)]
 21356 | Lair:5   | Found a staircase to the Slime Pits.
 21368 | Lair:5   | Found a viscous altar of Jiyva.
 21760 | Lair:5   | You pick up a book of Conjurations and begin reading...
 21760 | Lair:5   | You add the spells Magic Dart, Searing Ray and Fulminant
                  | Prism to your library.
 21891 | Lair:5   | Reached skill level 13 in Dodging
 22034 | Lair:5   | Reached skill level 19 in Stealth
 22041 | Lair:5   | Reached XP level 15. HP: 103/103 MP: 15/15
 22587 | Lair:5   | Reached skill level 15 in Shapeshifting
 23016 | Lair:4   | Paralysed by a hornet for 3 turns
 25137 | Lair:3   | Identified 2 potions of experience
 25376 | Lair:3   | Found a runed translucent door.
 25574 | Lair:3   | Reached skill level 16 in Shapeshifting
 25574 | Lair:3   | Reached XP level 16. HP: 109/109 MP: 16/16
 25575 | Lair:3   | Reached skill level 17 in Shapeshifting
 25575 | Lair:3   | Reached XP level 17. HP: 115/115 MP: 17/17
 25831 | D:10     | HP: 5/47 [orc warlord/+0 great sword (26)]
 25833 | D:10     | HP: 2/47 [orc warlord/+0 great sword (24)]
 25834 | D:10     | Annihilated by an orc warlord

Vanquished Creatures
  Jorgrun (D:12)
  A catoblepas (D:13)
  5 hydras
  4 two-headed ogres
  Erica (Lair:1)
  An ogre mage (D:11)
  A boulder beetle (Lair:4)
  10 death yaks (Lair:5)
  2 tengu warriors (D:12)
  A deep troll shaman (Lair:5)
  Urug (D:12)
  A skyshark (Lair:2)
  A lindwurm (Lair:5)
  Pikel (D:4)
  An orc knight (D:11)
  A deep elf pyromancer (D:14)
  2 salamanders (Volcano)
  7 ugly things
  14 elephants
  4 manticores
  3 cyclopes
  8 black mambas
  2 gargoyles
  Psyche (D:8)
  An unseen horror (D:11)
  Jeremiah (D:7)
  13 cane toads
  2 kobold demonologists (D:11)
  3 rime drakes
  12 komodo dragons
  5 trolls
  4 hornets
  2 polar bears
  A wind drake (shapeshifter) (D:13)
  Prince Ribbit (D:8)
  20 blink frogs
  7 dream sheep (Lair:3)
  6 slime creatures (D:12)
  2 shadows
  A centaur simulacrum (D:14)
  49 yaks
  A fire bat (Volcano)
  3 fire elementals (D:13)
  8 vampire mosquitoes
  5 basilisks
  Menkaure (D:5)
  A swamp worm (Lair:2)
  Edmund (D:4)
  A two-headed ogre zombie (D:10)
  An acid dragon (D:11)
  A warg (D:10)
  28 water moccasins
  5 orc warriors
  4 black bears
  2 swamp drakes (Lair:1)
  2 ogres
  27 wolves
  2 phantoms (D:10)
  4 centaurs
  A lemure (D:4)
  2 kobold brigands
  14 bullfrogs
  4 scorpions
  2 gnoll sergeants
  3 water moccasin zombies (Ossuary)
  3 wights (D:5)
  8 killer bees
  An electric eel (Lair:4)
  6 howler monkeys
  2 gnoll boudas
  2 iguanas
  3 hounds
  A jelly (D:6)
  7 orc priests
  10 orc wizards
  Natasha (thrice) (D:4)
  A sleepcap (D:6)
  6 hell rats (Lair:5)
  7 ogre zombies (D:10)
  2 mummies (Ossuary)
  18 gnolls
  18 adders
  2 white imps (D:5)
  9 adder zombies (Ossuary)
  35 orcs
  9 ball pythons
  5 endoplasms
  3 giant cockroaches
  5 gnoll zombies
  9 hobgoblins
  4 jackals (D:5)
  7 kobolds
  A quokka (D:1)
  5 bats
  6 frilled lizards
  4 gnoll skeletons (D:10)
  5 goblins
  6 hobgoblin zombies (Ossuary)
  6 orc skeletons (D:10)
  18 orc zombies
  5 rats
569 creatures vanquished.

Vanquished Creatures (collateral kills)
  A catoblepas (Lair:5)
  2 death yaks (Lair:5)
3 creatures vanquished.

Vanquished Creatures (others)
  An orc (D:7)
  A quokka (D:4)
2 creatures vanquished.

Grand Total: 574 creatures vanquished

Table legend:
 A = Non-vault XP
 B = Vault XP
 C = Vault XP percentage of total XP
 D = Non-vault monster count
 E = Vault monster count
 F = Vault count percentage of total count
                 A         B        C        D         E       F
            +---------+---------+-------+---------+---------+-------
      Total |   78968 |   25475 |  24.4 |     416 |     154 |  27.0
            +---------+---------+-------+---------+---------+-------
        D:1 |      23 |       0 |   0.0 |      14 |       0 |   0.0
        D:2 |      45 |       0 |   0.0 |      14 |       0 |   0.0
        D:3 |      45 |     207 |  82.1 |      14 |      19 |  57.6
        D:4 |      87 |     843 |  90.6 |       7 |       5 |  41.7
        D:5 |    1035 |     172 |  14.3 |      27 |       1 |   3.6
        D:6 |     806 |       0 |   0.0 |      21 |       0 |   0.0
        D:7 |    1304 |     400 |  23.5 |      32 |       1 |   3.0
        D:8 |     936 |     678 |  42.0 |      20 |       2 |   9.1
        D:9 |    4780 |       0 |   0.0 |      23 |       0 |   0.0
       D:10 |    2229 |     621 |  21.8 |      27 |      36 |  57.1
       D:11 |    2695 |    2384 |  46.9 |       6 |       6 |  50.0
       D:12 |    6361 |    2586 |  28.9 |      16 |       2 |  11.1
       D:13 |    5643 |     573 |   9.2 |      12 |       3 |  20.0
       D:14 |    3029 |       0 |   0.0 |       6 |       0 |   0.0
     Lair:1 |    7962 |    3597 |  31.1 |      36 |      13 |  26.5
     Lair:2 |    7470 |     353 |   4.5 |      29 |       3 |   9.4
     Lair:3 |    8427 |    2120 |  20.1 |      30 |      10 |  25.0
     Lair:4 |    6012 |     378 |   5.9 |      21 |       2 |   8.7
     Lair:5 |   20079 |    8808 |  30.5 |      61 |      19 |  23.8
    Ossuary |       0 |     338 | 100.0 |       0 |      28 | 100.0
    Volcano |       0 |    1417 | 100.0 |       0 |       4 | 100.0
            +---------+---------+-------+---------+---------+-------

Skill      XL: |  1  2  3  4  5  6  7  8  9 10 11 12 13 14 15 16 |
---------------+-------------------------------------------------+-----
Stealth        | 1 2 3 4 6 7 9 15 19 | 19.5
Unarmed Combat | 4 5 7 9 |  9.0
Shapeshifting  | 4 5 7 8 10 11 12 13 14 16 17 | 17.1
Fighting       | 4 7 9 10 | 10.0
Dodging        | 4 7 9 11 13 | 13.7

Action                     |  1- 3 |  4- 6 |  7- 9 | 10-12 | 13-15 | 16-18 || total
---------------------------+-------+-------+-------+-------+-------+-------++-------
  Melee: Unarmed           |    66 |    60 |   191 |   439 |   877 |     9 ||  1642
         Constrict         |    15 |    17 |    53 |    80 |   189 |       ||   354
         Tentacles         |     8 |    13 |    47 |    65 |       |       ||   133
         Punch             |     2 |     1 |    11 |    18 |       |     1 ||    33
 Invoke: Call Merchant     |       |       |     1 |     2 |     1 |       ||     4
  Evoke: Wand              |       |       |     6 |       |     4 |       ||    10
    Use: Scroll            |     4 |       |    13 |     7 |     8 |     1 ||    33
         Potion            |       |     2 |    10 |     4 |     5 |     2 ||    23
   Stab: Sleeping          |    14 |    12 |    20 |    14 |    21 |       ||    81
         Distracted        |     1 |       |     1 |     5 |    12 |       ||    19
         Invisible         |       |     2 |     3 |       |    11 |       ||    16
         Confused          |       |       |       |       |     1 |       ||     1
 Armour: Skin              |    24 |    21 |    88 |   218 |   573 |     7 ||   931
  Dodge: Dodged            |    38 |    31 |   108 |   256 |   802 |    46 ||  1281
   Form: Anaconda          |       |       |       |     1 |     1 |       ||     2
         Storm             |       |       |       |       |     1 |     1 ||     2

Illustrated notes

Table legend:
 A = Kills in this place as a percentage of kills in the entire game.
 B = Kills by you in this place as a percentage of kills by you in the entire game.
 C = Kills by friends in this place as a percentage of kills by friends in the entire game.
 D = Other kills in this place as a percentage of other kills in the entire game.
 E = Experience gained in this place as a percentage of experience gained in the entire game.
 F = Experience gained in this place divided by the number of levels of this place that you have seen.
                   A       B       C       D       E      F
               +-------+-------+-------+-------+-------+----------------------
         Total | 100.0 | 100.0 | 100.0 |   N/A | 100.0 | 4351.8
       Dungeon |  55.1 |  55.4 |   0.0 |   N/A |  35.9 | 2677.3
          Lair |  39.3 |  39.0 | 100.0 |   N/A |  62.4 | 13041.2
       Ossuary |   4.9 |   4.9 |   0.0 |   N/A |   0.3 | 338.0
       Volcano |   0.7 |   0.7 |   0.0 |   N/A |   1.4 | 1417.0
               +-------+-------+-------+-------+-------+----------------------

Table legend: (Time is in decaauts)
 A = Elapsed time spent in this place.
 B = Non-inter-level travel time spent in this place.
 C = Inter-level travel time spent in this place.
 D = Time resting spent in this place.
 E = Time spent auto-exploring this place.
 F = Levels seen in this place.
 G = Mean time per level.
                   A        B        C        D        E       F      G
               +--------+--------+--------+--------+--------+-----+--------+
         Total |  25634 |  24390 |   1244 |   2030 |  17238 |  24 | 1068.1 |
       Dungeon |  15825 |  14868 |    957 |   1786 |   9991 |  14 | 1130.4 |
        Temple |      1 |      1 |      0 |      0 |      0 |   1 |    1.0 |
          Lair |   9130 |   8844 |    286 |    244 |   6846 |   5 | 1826.0 |
  Orcish Mines |      7 |      7 |      0 |      0 |      0 |   1 |    7.0 |
       Ossuary |    253 |    253 |      0 |      0 |    137 |   1 |  253.0 |
      Ice Cave |      3 |      3 |      0 |      0 |      0 |   1 |    3.0 |
       Volcano |    413 |    413 |      0 |      0 |    264 |   1 |  413.0 |
               +--------+--------+--------+--------+--------+-----+--------+

Top non-repeatable levels by time:
  Lair:5: 2697 daAuts
    D:13: 1980 daAuts
  Lair:2: 1700 daAuts
  Lair:3: 1698 daAuts
  Lair:1: 1611 daAuts
     D:3: 1528 daAuts
    D:12: 1443 daAuts
    D:10: 1442 daAuts
  Lair:4: 1421 daAuts
     D:8: 1395 daAuts
     D:5: 1366 daAuts
     D:9: 1241 daAuts
     D:7: 1233 daAuts
     D:6: 937 daAuts
    D:11: 910 daAuts
